General information
- name: BNet
- type: Ladder team game (AT/RT)
- host: Battle.net
- saver: F.UCKu.UPn.PWNu
map: Cherryville
- players: 8
- length: 29:49
- speed: Fast
- version: 1.28 W3XP
- replay type: Public
» download(206 KB)
Players
team 1 (winner)
mfGFisaSOCK2 (
yellow | 45 APM | 757 actions | 16:56)
4 Death Knight
2 Death Coil
2 Unholy Aura
1 Lich
1 Frost Nova
» actions
| Assign group hotkey | 20 | |
| Build / train | 45 | |
| Enter build submenu | 19 | |
| Enter hero's abilities submenu | 5 | |
| Right click | 311 | |
| Select / deselect | 160 | |
| Select group hotkey | 137 | |
| Use ability | 60 | |
757 total
» units
| Acolyte | 8 | |
| Ghoul | 4 | |
| Crypt Fiend | 8 | |
| Frost Wyrm | 3 | |
| Spell Breaker | 1 | |
24 total
» upgrades
» buildings
| Graveyard | 1 | |
| Crypt | 1 | |
| Ziggurat | 8 | |
| Altar of Darkness | 1 | |
| Tomb of Relics | 1 | |
| Halls of the Dead | 1 | |
| Necropolis | 1 | |
| Black Citadel | 1 | |
| Spirit Tower | 4 | |
| Sacrificial Pit | 1 | |
| Boneyard | 3 | |
| Nerubian Tower | 1 | |
24 total
» build order
00:10 Graveyard
00:30 Crypt
00:35 Ziggurat
00:48 Altar of Darkness
01:21 Ziggurat
01:42 Tomb of Relics
03:18 Ziggurat
04:46 Halls of the Dead
05:48 Necropolis
07:36 Ziggurat
07:38 Ziggurat
07:40 Ziggurat
07:59 Ziggurat
08:16 Black Citadel
08:30 Spirit Tower
08:34 Spirit Tower
08:52 Spirit Tower
08:54 Ziggurat
09:42 Sacrificial Pit
11:00 Boneyard
12:43 Boneyard
12:45 Boneyard
13:45 Spirit Tower
13:46 Nerubian Tower
» items
| Rod of Necromancy | 1 | |
| Scroll of Regeneration | 1 | |
| Dust of Appearance | 1 | |
| Scroll of Town Portal | 1 | |
| Orb of Corruption | 1 | |
5 total
45y09 (
pink | 34 APM | 485 actions | 14:15)
3 Archmage
1 Summon Water Elemental
1 Brilliance Aura
1 Blizzard
» actions
| Build / train | 52 | |
| Enter build submenu | 23 | |
| Enter hero's abilities submenu | 3 | |
| Right click | 201 | |
| Select / deselect | 172 | |
| Use ability | 34 | |
485 total
» units
| Peasant | 30 | |
| Goblin Shredder | 1 | |
| Spell Breaker | 1 | |
| Priest | 2 | |
| Sorceress | 1 | |
35 total
» upgrades
| Lumber Harvesting | 1 | |
| Sorceress Training | 1 | |
2 total
» buildings
| Farm | 4 | |
| Altar of Kings | 1 | |
| Arcane Vault | 1 | |
| Scout Tower | 7 | |
| Arcane Tower | 1 | |
| Lumber Mill | 1 | |
| Keep | 1 | |
| Guard Tower | 4 | |
| Town Hall | 1 | |
| Arcane Sanctum | 3 | |
| Blacksmith | 1 | |
25 total
» build order
00:05 Farm
00:48 Farm
00:58 Altar of Kings
01:25 Farm
01:52 Arcane Vault
01:59 Scout Tower
02:21 Scout Tower
02:23 Scout Tower
02:29 Arcane Tower
02:58 Farm
03:30 Lumber Mill
03:55 Keep
04:22 Guard Tower
04:55 Town Hall
06:18 Arcane Sanctum
06:21 Arcane Sanctum
06:25 Arcane Sanctum
11:17 Scout Tower
11:19 Scout Tower
11:44 Guard Tower
11:46 Scout Tower
11:49 Guard Tower
11:52 Scout Tower
12:30 Guard Tower
13:13 Blacksmith
» items
| Scroll of Regeneration | 2 | |
| Lesser Clarity Potion | 1 | |
| Potion of Healing | 1 | |
| Potion of Mana | 1 | |
5 total

»
xxwizardfacexx (
purple | 58 APM | 989 actions | 17:00)
3 Keeper of the Grove
2 Entangling Roots
1 Thorns Aura
2 Priestess of the Moon
1 Searing Arrows
1 Trueshot Aura
» actions
| Assign group hotkey | 21 | |
| Build / train | 67 | |
| Enter build submenu | 16 | |
| Enter hero's abilities submenu | 5 | |
| Give item / drop item | 3 | |
| Right click | 379 | |
| Select / deselect | 168 | |
| Select group hotkey | 285 | |
| Use ability | 45 | |
989 total
» units
| Wisp | 21 | |
| Archer | 3 | |
| Huntress | 3 | |
| Hippogryph | 10 | |
| Chimaera | 3 | |
| Peasant | 6 | |
46 total
» upgrades
| Strength of the Wild | 2 | |
| Reinforced Hides | 2 | |
| Ultravision | 1 | |
| Well Spring | 1 | |
| Nature's Blessing | 1 | |
| Corrosive Breath | 1 | |
| Sentinel | 1 | |
9 total
» buildings
| Moon Well | 7 | |
| Altar of Elders | 1 | |
| Ancient of War | 1 | |
| Hunter's Hall | 1 | |
| Ancient of Wonders | 1 | |
| Tree of Ages | 1 | |
| Tree of Eternity | 1 | |
| Ancient of Wind | 1 | |
| Chimaera Roost | 2 | |
| Ancient Protector | 5 | |
21 total
» build order
00:31 Moon Well
00:36 Altar of Elders
00:51 Ancient of War
01:53 Moon Well
02:15 Hunter's Hall
02:26 Ancient of Wonders
03:27 Moon Well
04:10 Tree of Ages
04:52 Moon Well
06:33 Tree of Eternity
06:56 Ancient of Wind
08:30 Moon Well
08:31 Moon Well
09:09 Chimaera Roost
09:11 Chimaera Roost
09:14 Moon Well
12:03 Ancient Protector
12:06 Ancient Protector
12:21 Ancient Protector
13:03 Ancient Protector
13:27 Ancient Protector
» items
| Scroll of Town Portal | 2 | |
| Dust of Appearance | 1 | |
3 total
F.UCKu.UPn.PWNu (
orange | 139 APM | 4137 actions | 29:49)
6 Archmage
3 Summon Water Elemental
2 Brilliance Aura
1 Mass Teleport
4 Mountain King
2 Storm Bolt
2 Bash
1 Lich
1 Frost Nova
» actions
| Assign group hotkey | 144 | |
| Basic commands | 189 | |
| Build / train | 184 | |
| ESC pressed | 25 | |
| Enter build submenu | 54 | |
| Enter hero's abilities submenu | 12 | |
| Give item / drop item | 4 | |
| Remove unit from queue | 1 | |
| Right click | 1225 | |
| Select / deselect | 593 | |
| Select group hotkey | 1435 | |
| Use ability | 271 | |
4137 total
» units
| Peasant | 24 | |
| Footman | 9 | |
| Rifleman | 10 | |
| Goblin Shredder | 2 | |
| Goblin Zeppelin | 3 | |
| Priest | 4 | |
| Siege Engine | 3 | |
| Sorceress | 1 | |
| Spell Breaker | 1 | |
| Knight | 1 | |
58 total
» upgrades
| Masonry | 3 | |
| Swords | 4 | |
| Gunpowder | 3 | |
| Armor | 3 | |
| Long Rifles | 1 | |
| Lumber Harvesting | 1 | |
| Sorceress Training | 3 | |
| Priest Training | 2 | |
| Animal War Training | 1 | |
| Fragmentation Shards | 2 | |
| Barrage | 1 | |
| Plating | 3 | |
| Control Magic | 1 | |
28 total
» buildings
| Altar of Kings | 1 | |
| Barracks | 2 | |
| Farm | 11 | |
| Lumber Mill | 1 | |
| Arcane Vault | 1 | |
| Town Hall | 2 | |
| Keep | 2 | |
| Blacksmith | 1 | |
| Scout Tower | 22 | |
| Guard Tower | 39 | |
| Arcane Sanctum | 4 | |
| Castle | 3 | |
| Workshop | 1 | |
90 total
» build order
00:39 Altar of Kings
00:42 Barracks
00:50 Farm
01:04 Farm
01:33 Farm
01:48 Lumber Mill
02:20 Arcane Vault
02:55 Farm
03:49 Town Hall
05:09 Keep
05:09 Keep
05:30 Blacksmith
06:14 Scout Tower
06:14 Scout Tower
06:15 Scout Tower
06:16 Scout Tower
06:18 Scout Tower
06:22 Scout Tower
06:44 Guard Tower
06:44 Guard Tower
06:44 Guard Tower
06:45 Guard Tower
06:56 Guard Tower
06:56 Guard Tower
06:56 Guard Tower
07:10 Guard Tower
07:10 Guard Tower
08:27 Scout Tower
08:40 Scout Tower
08:49 Arcane Sanctum
08:57 Guard Tower
08:57 Guard Tower
08:58 Scout Tower
09:00 Scout Tower
09:04 Scout Tower
09:09 Scout Tower
09:10 Guard Tower
09:41 Guard Tower
11:09 Scout Tower
11:11 Scout Tower
11:32 Guard Tower
11:32 Guard Tower
11:33 Guard Tower
11:33 Guard Tower
11:33 Guard Tower
11:39 Farm
12:14 Guard Tower
12:15 Guard Tower
12:15 Guard Tower
13:03 Guard Tower
13:04 Guard Tower
13:06 Arcane Sanctum
13:12 Arcane Sanctum
13:31 Arcane Sanctum
13:45 Castle
13:45 Castle
14:02 Scout Tower
14:03 Scout Tower
14:38 Guard Tower
14:38 Guard Tower
14:39 Guard Tower
14:39 Guard Tower
14:56 Workshop
15:04 Barracks
17:01 Farm
17:02 Farm
19:34 Farm
19:35 Farm
19:38 Farm
19:40 Farm
24:12 Town Hall
24:14 Scout Tower
24:14 Scout Tower
24:15 Scout Tower
24:16 Scout Tower
24:23 Scout Tower
24:24 Scout Tower
25:32 Guard Tower
25:32 Guard Tower
25:33 Guard Tower
25:41 Guard Tower
» items
| Scroll of Regeneration | 5 | |
| Mechanical Critter | 2 | |
| Scroll of Town Portal | 3 | |
| Ivory Tower | 2 | |
| Boots of Speed | 1 | |
| Circlet of Nobility | 3 | |
| Periapt of Vitality | 3 | |
| Potion of Lesser Invulnerability | 2 | |
| Staff of Sanctuary | 1 | |
22 total
team 2 (loser)
.meso. (
teal | 100 APM | 2300 actions | 23:03)
5 Archmage
3 Summon Water Elemental
2 Brilliance Aura
4 Mountain King
2 Storm Bolt
2 Thunder Clap
» actions
| Assign group hotkey | 40 | |
| Basic commands | 273 | |
| Build / train | 86 | |
| ESC pressed | 4 | |
| Enter build submenu | 36 | |
| Enter hero's abilities submenu | 9 | |
| Give item / drop item | 3 | |
| Right click | 802 | |
| Select / deselect | 373 | |
| Select group hotkey | 588 | |
| Use ability | 86 | |
2300 total
» units
| Peasant | 19 | |
| Footman | 13 | |
| Gryphon Rider | 10 | |
| Knight | 2 | |
44 total
» upgrades
| Swords | 3 | |
| Lumber Harvesting | 2 | |
| Armor | 3 | |
| Animal War Training | 1 | |
| Storm Hammers | 1 | |
| Plating | 2 | |
| Masonry | 1 | |
13 total
» buildings
| Barracks | 1 | |
| Farm | 13 | |
| Altar of Kings | 1 | |
| Scout Tower | 8 | |
| Lumber Mill | 1 | |
| Arcane Tower | 1 | |
| Arcane Vault | 2 | |
| Town Hall | 2 | |
| Guard Tower | 6 | |
| Keep | 1 | |
| Blacksmith | 1 | |
| Castle | 1 | |
| Gryphon Aviary | 4 | |
42 total
» build order
00:12 Barracks
00:13 Farm
00:19 Altar of Kings
00:38 Farm
01:53 Farm
01:56 Scout Tower
02:18 Lumber Mill
02:24 Arcane Tower
02:46 Farm
03:28 Arcane Vault
04:12 Town Hall
04:19 Scout Tower
04:26 Scout Tower
05:13 Guard Tower
05:14 Scout Tower
05:47 Guard Tower
06:12 Scout Tower
06:32 Keep
06:45 Guard Tower
06:46 Scout Tower
07:05 Blacksmith
07:20 Guard Tower
07:20 Scout Tower
07:37 Arcane Vault
07:40 Farm
07:58 Guard Tower
07:59 Scout Tower
08:34 Farm
08:38 Guard Tower
09:00 Farm
09:20 Farm
09:35 Castle
09:58 Farm
11:04 Gryphon Aviary
11:06 Gryphon Aviary
11:16 Gryphon Aviary
11:19 Gryphon Aviary
11:42 Farm
15:27 Farm
17:00 Farm
17:18 Farm
21:16 Town Hall
» items
| Scroll of Regeneration | 3 | |
| Boots of Speed | 1 | |
| Scroll of Town Portal | 3 | |
| Lesser Clarity Potion | 1 | |
| Staff of Sanctuary | 1 | |
9 total
LaLiKiLLeR (
green | 53 APM | 1577 actions | 29:48)
5 Mountain King
3 Storm Bolt
2 Bash
1 Paladin
1 Holy Light
» actions
| Assign group hotkey | 15 | |
| Basic commands | 1 | |
| Build / train | 59 | |
| ESC pressed | 3 | |
| Enter build submenu | 29 | |
| Enter hero's abilities submenu | 6 | |
| Give item / drop item | 1 | |
| Right click | 857 | |
| Select / deselect | 343 | |
| Select group hotkey | 186 | |
| Use ability | 77 | |
1577 total
» units
| Peasant | 11 | |
| Rifleman | 7 | |
| Mortar Team | 4 | |
| Siege Engine | 3 | |
25 total
» upgrades
| Armor | 1 | |
| Gunpowder | 2 | |
| Long Rifles | 1 | |
| Fragmentation Shards | 1 | |
| Masonry | 3 | |
| Barrage | 1 | |
9 total
» buildings
| Farm | 8 | |
| Altar of Kings | 1 | |
| Blacksmith | 1 | |
| Barracks | 1 | |
| Arcane Vault | 1 | |
| Keep | 1 | |
| Lumber Mill | 1 | |
| Castle | 1 | |
| Workshop | 2 | |
| Town Hall | 1 | |
| Scout Tower | 10 | |
| Guard Tower | 8 | |
36 total
» build order
00:14 Farm
00:18 Altar of Kings
00:45 Blacksmith
01:13 Barracks
01:39 Farm
02:23 Farm
03:14 Arcane Vault
03:58 Keep
04:24 Farm
04:27 Lumber Mill
05:04 Farm
06:25 Castle
07:07 Farm
07:09 Workshop
08:09 Farm
08:34 Workshop
10:48 Town Hall
10:51 Scout Tower
10:53 Scout Tower
11:20 Guard Tower
11:25 Guard Tower
11:52 Farm
13:26 Scout Tower
13:30 Scout Tower
13:59 Guard Tower
14:02 Scout Tower
14:03 Scout Tower
14:06 Scout Tower
14:33 Guard Tower
14:35 Guard Tower
14:39 Scout Tower
14:59 Scout Tower
15:03 Guard Tower
15:09 Guard Tower
15:12 Scout Tower
17:02 Guard Tower
» items
| Scroll of Regeneration | 3 | |
| Scroll of Town Portal | 2 | |
| Potion of Healing | 2 | |
7 total
CAPTAININSANO (
red | 45 APM | 1349 actions | 29:48)
6 Blademaster
3 Wind Walk
3 Critical Strike
» actions
| Assign group hotkey | 30 | |
| Basic commands | 161 | |
| Build / train | 62 | |
| Enter build submenu | 38 | |
| Enter hero's abilities submenu | 6 | |
| Give item / drop item | 4 | |
| Right click | 496 | |
| Select / deselect | 315 | |
| Select group hotkey | 106 | |
| Use ability | 131 | |
1349 total
» units
| Peon | 8 | |
| Grunt | 5 | |
| Goblin Shredder | 3 | |
| Goblin Zeppelin | 1 | |
| Goblin Sapper | 8 | |
| Wind Rider | 4 | |
29 total
» upgrades
| Troll Regeneration | 1 | |
| Armor | 2 | |
| Ranged Weapons | 3 | |
| Reinforced Defenses | 1 | |
| Liquid Fire | 1 | |
| Envenomed Spears | 1 | |
9 total
» buildings
| Orc Burrow | 4 | |
| Altar of Storms | 1 | |
| Barracks | 1 | |
| Voodoo Lounge | 2 | |
| War Mill | 2 | |
| Watch Tower | 23 | |
| Great Hall | 1 | |
| Stronghold | 1 | |
| Fortress | 1 | |
| Spirit Lodge | 1 | |
| Beastiary | 4 | |
41 total
» build order
00:13 Orc Burrow
01:06 Altar of Storms
01:08 Barracks
01:22 Orc Burrow
01:39 Voodoo Lounge
02:40 War Mill
03:58 Orc Burrow
04:04 Watch Tower
04:05 Watch Tower
04:51 Great Hall
05:34 Orc Burrow
06:46 Watch Tower
06:46 Watch Tower
06:47 Watch Tower
06:48 Watch Tower
06:56 Stronghold
07:20 Watch Tower
09:03 Watch Tower
09:05 Watch Tower
09:08 Watch Tower
09:12 Watch Tower
09:13 Watch Tower
09:15 Watch Tower
09:16 Watch Tower
09:19 Watch Tower
10:21 Fortress
10:58 Watch Tower
10:59 Watch Tower
11:05 Watch Tower
11:08 Watch Tower
11:09 Watch Tower
11:09 Watch Tower
11:12 Watch Tower
11:13 Watch Tower
11:58 Voodoo Lounge
14:59 Spirit Lodge
15:58 Beastiary
15:59 Beastiary
17:33 Beastiary
17:35 Beastiary
21:45 War Mill
» items
| Healing Salve | 4 | |
| Lesser Clarity Potion | 3 | |
| Scroll of Town Portal | 2 | |
| Boots of Speed | 1 | |
| Staff of Teleportation | 1 | |
| Circlet of Nobility | 1 | |
| Potion of Healing | 1 | |
| Potion of Mana | 1 | |
| Orb of Lightning | 1 | |
15 total
COMEY-FIRED-LOL (
blue | 53 APM | 1574 actions | 29:34)
5 Blademaster
3 Wind Walk
2 Critical Strike
» actions
| Assign group hotkey | 22 | |
| Basic commands | 149 | |
| Build / train | 57 | |
| Enter build submenu | 24 | |
| Enter hero's abilities submenu | 5 | |
| Give item / drop item | 5 | |
| Right click | 537 | |
| Select / deselect | 255 | |
| Select group hotkey | 423 | |
| Use ability | 97 | |
1574 total
» units
| Peon | 12 | |
| Grunt | 4 | |
| Goblin Shredder | 1 | |
| Wind Rider | 9 | |
| Goblin Sapper | 2 | |
28 total
» upgrades
| Reinforced Defenses | 1 | |
| Ranged Weapons | 2 | |
| Armor | 2 | |
| Envenomed Spears | 1 | |
6 total
» buildings
| Altar of Storms | 1 | |
| Orc Burrow | 6 | |
| Voodoo Lounge | 2 | |
| Barracks | 1 | |
| War Mill | 1 | |
| Great Hall | 1 | |
| Watch Tower | 16 | |
| Stronghold | 2 | |
| Fortress | 2 | |
| Beastiary | 3 | |
35 total
» build order
00:06 Altar of Storms
00:19 Orc Burrow
00:46 Voodoo Lounge
00:50 Barracks
01:27 Orc Burrow
02:04 Voodoo Lounge
03:17 War Mill
04:03 Great Hall
05:04 Watch Tower
05:04 Watch Tower
05:05 Watch Tower
05:08 Watch Tower
05:32 Orc Burrow
05:47 Stronghold
06:12 Watch Tower
07:56 Watch Tower
08:07 Orc Burrow
08:16 Fortress
09:11 Beastiary
09:20 Beastiary
10:26 Beastiary
10:30 Orc Burrow
10:30 Orc Burrow
12:42 Watch Tower
12:42 Watch Tower
12:42 Watch Tower
12:43 Watch Tower
12:43 Watch Tower
12:44 Watch Tower
12:45 Watch Tower
12:45 Watch Tower
15:11 Watch Tower
15:19 Watch Tower
» items
| Healing Salve | 4 | |
| Potion of Lesser Invulnerability | 1 | |
| Staff of Teleportation | 1 | |
| Orb of Lightning | 1 | |
| Lesser Clarity Potion | 1 | |
| Potion of Mana | 1 | |
| Scroll of Town Portal | 2 | |
11 total
Chat log
(00:08 / Allies) xxwizardfacexx: hello friends
(00:12 / Allies) mfGFisaSOCK2: 100g plz
(00:21 / Allies) mfGFisaSOCK2: purple
(00:22 / Allies) mfGFisaSOCK2: 100g plz
(00:24 / Allies) mfGFisaSOCK2: plz
(00:24 / Allies) mfGFisaSOCK2: pl
(00:29 / Allies) 45y09: units orange
(00:38 / Allies) mfGFisaSOCK2: thanks love you
(00:45 / Allies) xxwizardfacexx: i love you duder
(00:52 / Allies) mfGFisaSOCK2: no
(00:55 / Allies) mfGFisaSOCK2: ilove you bro
(01:01 / Allies) xxwizardfacexx: thanks man
(01:08 / Allies) mfGFisaSOCK2: np love
(01:26 / Allies) mfGFisaSOCK2: my life is yours
(01:45 / Allies) xxwizardfacexx: only if you will follow the bushido code
(01:56 / Allies) mfGFisaSOCK2: i will do any code yo u
(02:01 / Allies) mfGFisaSOCK2: to you*
(02:24 / Allies) mfGFisaSOCK2: 'my fucking girl friend is a sock bro
(02:37 / Allies) xxwizardfacexx: i know that.
(02:47 / Allies) xxwizardfacexx: you can keep her under the code
(02:49 / Allies) mfGFisaSOCK2: but she a slut
(02:55 / Allies) mfGFisaSOCK2: cum dumpster
(05:09 / Allies) mfGFisaSOCK2: lumber plz
(05:33 / Allies) mfGFisaSOCK2: lumber?
(05:51 / Allies) xxwizardfacexx: for you my love
(05:55 / Allies) mfGFisaSOCK2: thanks
(07:09 / Allies) mfGFisaSOCK2: thanks love
(07:21 / Allies) mfGFisaSOCK2: tangle hero
(07:22 / Allies) mfGFisaSOCK2: sjit
(07:39 / Allies) F.UCKu.UPn.PWNu: help
(07:47 / Allies) mfGFisaSOCK2: bro
(07:48 / Allies) mfGFisaSOCK2: its one dude
(07:49 / Allies) mfGFisaSOCK2: omfg
(07:59 / Allies) F.UCKu.UPn.PWNu: yeah and I wasn't ready for it
(08:07 / Allies) mfGFisaSOCK2: im coming
(08:09 / Allies) mfGFisaSOCK2: get ready
(08:10 / Allies) F.UCKu.UPn.PWNu: ty
(08:23 / Allies) F.UCKu.UPn.PWNu: ty
(08:36 / All) CAPTAININSANO: HAHA
(08:38 / All) CAPTAININSANO: HAHA
(08:43 / All) CAPTAININSANO: HAHA
(08:57 / All) CAPTAININSANO: HEHE
(09:33 / Allies) mfGFisaSOCK2: lumb?
(10:28 / Allies) mfGFisaSOCK2: in nigger
(10:29 / Allies) mfGFisaSOCK2: ifiag
(10:34 / Allies) 45y09: gold?
(12:25 / All) CAPTAININSANO: HAHA
(12:54 / Allies) mfGFisaSOCK2: get dist
(13:12 / All) CAPTAININSANO: had two boots HAHA
(14:18 / All) CAPTAININSANO: HAHA
(14:42 / All) CAPTAININSANO: PHEW
(14:49 / Allies) mfGFisaSOCK2: why did u tpon my base
(14:58 / Allies) xxwizardfacexx: save his ass
(15:01 / Allies) mfGFisaSOCK2: umm
(15:04 / Allies) mfGFisaSOCK2: ur fucking retarded
(15:20 / Allies) mfGFisaSOCK2: u saved nothing
(15:22 / Allies) F.UCKu.UPn.PWNu: hit here?
(16:04 / Allies) F.UCKu.UPn.PWNu: I said here
(16:23 / All) CAPTAININSANO: bad bpy
(17:01 / All) CAPTAININSANO: lol
(17:04 / All) CAPTAININSANO: GO BACK TO UR SOCK
(17:14 / All) CAPTAININSANO: green coming!
(17:19 / All) CAPTAININSANO: THE GREENCOATS ARE COMING
(17:21 / All) CAPTAININSANO: THE GREENCOATS ARE COMING
(19:05 / All) COMEY-FIRED-LOL: green was tk i gues?
(19:09 / All) CAPTAININSANO: Yes
(19:11 / All) CAPTAININSANO: HE BAD BOY
(22:43 / All) F.UCKu.UPn.PWNu: fight me pussy
(22:50 / All) CAPTAININSANO: RUN HO
(22:53 / All) COMEY-FIRED-LOL: good bolt oj
(22:54 / All) CAPTAININSANO: RUN RUNNER
(23:02 / All) .meso.: have fun red/blue
(25:42 / All) COMEY-FIRED-LOL: apparently women want to get maternity leave even when they arent pregnant now
(25:46 / All) COMEY-FIRED-LOL: what a corrupt world we live in
(26:18 / All) CAPTAININSANO: so men should get paternity leave equal to maternity leave whether their wife is pregnant or not
(26:21 / All) CAPTAININSANO: or even if they have a wife
(26:32 / All) COMEY-FIRED-LOL: is paternity leave even a thing?
(26:45 / All) CAPTAININSANO: no
(26:47 / All) CAPTAININSANO: should be
(26:50 / All) CAPTAININSANO: we men feel left out
(26:54 / All) F.UCKu.UPn.PWNu: it is in canada
(26:57 / All) F.UCKu.UPn.PWNu: and a lot of countries I think
(27:08 / All) CAPTAININSANO: If a man lives his life exactly the same way but says they're "a woman"
(27:11 / All) CAPTAININSANO: identiy as a woman
(27:21 / All) CAPTAININSANO: do they get all these extra rights plus benefits?
(27:27 / All) CAPTAININSANO: equal rights plus extra*
(27:40 / All) F.UCKu.UPn.PWNu: trannies can't get pregnant I wonder if they can get maternity leave anyway
(29:17 / All) CAPTAININSANO: green any last thoughts?
(29:45 / All) CAPTAININSANO: guess not